 Dungeon Crawl Stone Soup version 0.25-a0-258-g6d7e32a812 (webtiles) character file.

Game seed: 10252098332846480594, levelgen mode: deterministic

430 Essalna the Skirmisher (level 6, -3/51 HPs)
             Began as a Demonspawn Gladiator on Dec 6, 2019.
             Killed from afar by an orc wizard (8 damage)
             ... with a puff of flame
             ... on level 4 of the Dungeon.
             The game lasted 00:09:05 (3130 turns).

Essalna the Skirmisher (Demonspawn Gladiator)       Turns: 3130, Time: 00:09:05

Health: -3/51      AC:  6    Str: 17    XL:     6   Next: 66%
Magic:  6/6        EV: 18    Int:  9    God:
Gold:   222        SH:  0    Dex: 19    Spells: 5/5 levels left

rFire    . . .     SeeInvis .   a - +0 long sword
rCold    . . .     Gourm    .   (no shield)
rNeg     + . .     Faith    .   b - +0 leather armour
rPois    .         Spirit   .   t - +2 helmet
rElec    .         Reflect  .   (no cloak)
rCorr    .         Harm     +   (gloves unavailable)
MR       .....     Rnd*Tele +   (no boots)
Stlth    ++........             r - amulet of harm
HPRegen  0.17/turn              e - ring of teleportation (curse)
MPRegen  0.10/turn              o - ring of positive energy

@: agile, flying
A: claws 3, demonic guardian 1, powered by pain 1
a: no special abilities


You were on level 4 of the Dungeon.
You were hungry.

You visited 1 branch of the dungeon, and saw 4 of its levels.

You collected 222 gold pieces.

Inventory:

Hand Weapons
 a - a +0 long sword (weapon)
Missiles
 d - a throwing net (quivered)
Armour
 b - a +0 leather armour (worn)
 c - a +0 helmet
 p - a cursed +0 shield
 t - a +2 helmet (worn)
Jewellery
 e - a cursed ring of teleportation (left claw)
 o - a ring of positive energy (right claw)
 r - an amulet of harm (around neck)
Wands
 n - a wand of iceblast (5)
Scrolls
 g - 2 scrolls of identify {unknown}
 i - 8 scrolls of remove curse {unknown}
 j - 3 scrolls of noise {unknown}
 k - a scroll of fog {unknown}
 l - a scroll of random uselessness {unknown}
 m - a scroll of amnesia {unknown}
 q - a scroll of teleportation {unknown}
 s - 3 scrolls of magic mapping {unknown}
 v - 2 scrolls of enchant armour {unknown}
Comestibles
 f - 11 rations
 x - 4 chunks of flesh


   Skills:
 + Level 5.2 Fighting
 + Level 5.2 Long Blades
 - Level 1.7 Throwing
 - Level 2.6 Dodging


You had 5 spell levels left.
You didn't know any spells.
Your spell library contained the following spells:

 Spells                   Type           Power        Failure   Level  Hunger
 Beastly Appendage        Tmut           #.....       45%         1    ##.....
 Sticks to Snakes         Tmut           #.......     58%         2    ###....
 Spider Form              Tmut/Pois      #.........   83%         3    ####...
 Ice Form                 Ice/Tmut       #.......     99%         4    #####..
 Blade Hands              Tmut           #.........   100%        5    ######.


Dungeon Overview and Level Annotations

Branches:
Dungeon (4/15)
 Temple: D:4-7

Altars:
Elyvilon
Fedhas
Kikubaaqudgha
Wu Jian


Innate Abilities, Weirdness & Mutations

You have claws for hands.
A weak demonic guardian rushes to your aid.
You sometimes gain a little power by taking damage.


Message History

Your shadow imp appears confused.
The phantom hits you.
* * * LOW HITPOINT WARNING * * *
You miss the phantom.
The phantom is almost destroyed.
Your shadow imp barely misses the orc wizard.
The orc wizard points at you and mumbles some strange words.
Your shadow imp appears confused.
The phantom hits you.
* * * LOW HITPOINT WARNING * * *
Your shadow imp closely misses the orc wizard.
You slash the phantom!
You destroy the phantom!
You hear the rusting of a distant drain.
The orc wizard hits your shadow imp with a +2 dagger of electrocution.
Lightning courses through your shadow imp!
Your shadow imp dies!
The orc wizard gestures at you while chanting.
The puff of flame hits you!
You die...

.# #.# #.## #.#
.###+###..###.#
.###_'.....)..#
.###'###.####.####
.# #.# #.# #..|..#
.###.###.# #.###.#
.........# #.# #.#
.##.######
#.###.## ###.#
#....@.## #.#
###.##o.# ...
#####.# ###
#.....# #....(#
#.5##.# #.{#...#
#....)...._...
......####...#..


You could see an orc wizard.

Vanquished Creatures
  A phantom (D:4)
  2 ogres
  2 orc wizards (D:4)
  5 adders
  An ooze (D:1)
  A dart slug (D:2)
  A worm (D:2)
  A leopard gecko (D:1)
  12 orcs
  3 giant cockroaches
  5 goblins (D:2)
  8 hobgoblins
  12 jackals
  A quokka (D:2)
  7 bats
  A frilled lizard (D:2)
  13 kobolds
  6 rats
82 creatures vanquished.

Notes
Turn   | Place    | Note
-------+----------+-------------------------------------------
     0 | D:1      | Essalna the Demonspawn Gladiator began the quest for the
                  | Orb.
     0 | D:1      | Reached XP level 1. HP: 16/16 MP: 1/1
   156 | D:1      | Gained mutation: You sometimes gain a little power by
                  | taking damage. [demonic ancestry]
   156 | D:1      | Reached XP level 2. HP: 15/23 MP: 2/2
   815 | D:1      | Gained mutation: You have sharp fingernails. [demonic
                  | ancestry]
   815 | D:1      | Reached XP level 3. HP: 27/28 MP: 3/3
  1559 | D:2      | Gained mutation: You have very sharp fingernails. [demonic
                  | ancestry]
  1559 | D:2      | Reached XP level 4. HP: 20/35 MP: 4/4
  2040 | D:3      | Noticed an ogre
  2047 | D:3      | Killed an ogre
  2047 | D:3      | Gained mutation: A weak demonic guardian rushes to your
                  | aid. [demonic ancestry]
  2047 | D:3      | Reached XP level 5. HP: 26/42 MP: 5/5
  2494 | D:3      | Found a white marble altar of Elyvilon.
  2846 | D:4      | Found an ornate altar of the Wu Jian Council.
  2848 | D:4      | Noticed an ogre
  2853 | D:4      | Killed an ogre
  2853 | D:4      | Gained mutation: You have claws for hands. [demonic
                  | ancestry]
  2853 | D:4      | Reached XP level 6. HP: 49/49 MP: 6/6
  2989 | D:4      | Found an ancient bone altar of Kikubaaqudgha.
  3087 | D:4      | Found a blossoming altar of Fedhas.
  3108 | D:4      | Reached skill level 5 in Fighting
  3108 | D:4      | Reached skill level 5 in Long Blades
  3130 | D:4      | Killed from afar by an orc wizard

Levels and vault maps discovered:
D:1:      saegor_arrival_under_anarchy, layout_basic, chequers_mini_garden,
          st_stairs_4
D:2:      layout_basic, minmay_misc_feat_nine_boxes, minmay_joined_circles
D:3:      layout_basic, elyvilon_altar_5, first_ration
D:4:      layout_loops_ring, kennysheep_mini_moat,
          nicolae_overflow_crystal_walls, led_sif_book, lemuel_doored_altar,
          gup_sewer_entry_bubbles, grunt_tough_drop

Skill      XL: |  1  2  3  4  5  6 |
---------------+-------------------+-----
Long Blades    | 3 4 5 |  5.2
Fighting       | 3 4 5 |  5.2
Throwing       | |  1.7
Dodging        | |  2.6

Action                   |  1- 3 |  4- 6 || total
-------------------------+-------+-------++-------
Melee: Long sword        |   103 |   135 ||   238
Throw: Throwing net      |       |     2 ||     2
  Use: Potion            |       |     6 ||     6
 Stab: Sleeping          |     1 |       ||     1
       Held in net/web   |       |     2 ||     2
  Eat: Chunk             |     2 |     5 ||     7
Armor: Leather armour    |    51 |    51 ||   102
Dodge: Dodged            |    92 |   117 ||   209
       Rpst.: Long sword |    28 |    33 ||    61

Table legend:
 A = Non-vault XP
 B = Vault XP
 C = Vault XP percentage of total XP
 D = Non-vault monster count
 E = Vault monster count
 F = Vault count percentage of total count
                 A         B        C        D         E       F
            +---------+---------+-------+---------+---------+-------
      Total |     570 |      45 |   7.3 |      69 |      13 |  15.9
            +---------+---------+-------+---------+---------+-------
        D:1 |      42 |       6 |  12.5 |      20 |       3 |  13.0
        D:2 |      34 |      39 |  53.4 |      18 |      10 |  35.7
        D:3 |     159 |       0 |   0.0 |      13 |       0 |   0.0
        D:4 |     335 |       0 |   0.0 |      18 |       0 |   0.0
            +---------+---------+-------+---------+---------+-------
